 Dungeon Crawl Stone Soup version 0.30.1-4-g462c640d31 (webtiles) character file.

Game seed: 256721975025924916

84 Heoruswealwe the Conjurer (level 4, -3/24 HPs)
             Began as a Deep Elf Conjurer on Sept 7, 2023.
             Killed from afar by Ijyb (7 damage)
             ... with a bolt of light
             ... on level 3 of the Dungeon.
             The game lasted 00:27:33 (3102 turns).

Heoruswealwe the Conjurer (Deep Elf Conjurer)       Turns: 3102, Time: 00:27:34

Health: -3/24      AC:  2    Str:  4    XL:     4   Next: 24%
Magic:  19/21      EV: 12    Int: 25    God:
Gold:   122        SH:  0    Dex: 13    Spells: 2/12 levels left

rFire   + . .        b - +10 morningstar "Eos" {elec, Halo rElec}
rCold   . . .        (no shield)
rNeg    . . .        c - +0 robe
rPois   .            (no helmet)
rElec   +            (no cloak)
rCorr   .            (no gloves)
SInv    .            (no boots)
Will    .....        (no amulet)
Stlth   +            k - ring of magical power
HPRegen 0.24/turn    j - ring of protection from fire
MPRegen 0.17/turn

%: no passive effects
@: glowing
A: no striking features
a: no special abilities


You were on level 3 of the Dungeon.
You visited 1 branch of the dungeon, and saw 3 of its levels.

You collected 122 gold pieces.

Inventory:

Hand Weapons
 a - a +1 falchion of freezing
 b - the +10 morningstar "Eos" (weapon) {elec, Halo rElec}
   (You found it on level 2 of the Dungeon)

   Halo:      It grants its wielder a halo, revealing invisible creatures and
   increasing accuracy against all within it other than the wielder.
   rElec:     It insulates you from electricity.
Armour
 c - a +0 robe (worn)
Jewellery
 h - a ring of positive energy
 j - a ring of protection from fire (right hand)
 k - a ring of magical power (left hand)
Scrolls
 d - a scroll of torment {unknown}
 g - a scroll of enchant armour {unknown}
 i - 3 scrolls of identify {unknown}
 m - a scroll of enchant weapon {unknown}
 o - 2 scrolls of teleportation {unknown}
 t - a scroll of silence {unknown}
 u - a scroll of poison {unknown}
Potions
 e - a potion of ambrosia {unknown}
 f - a potion of berserk rage {unknown}
 l - a potion of heal wounds {unknown}
 n - a potion of attraction {unknown}
 p - a potion of mutation {unknown}
 q - 2 potions of curing {unknown}
 r - a potion of magic
 s - a potion of might {unknown}


   Skills:
 - Level 2.4 Dodging
 - Level 2.4 Stealth
 + Level 4.8 Spellcasting
 + Level 5.4 Conjurations


You had 2 spell levels left.
You knew the following spells:

 Your Spells              Type           Power      Damage    Failure   Level
a - Magic Dart            Conj           100%       1d8       1%          1
b - Searing Ray           Conj           66%        2d6       1%          2
c - Dazzling Flash        Conj/Hex       38%        N/A       9%          3
d - Fulminant Prism       Conj/Hex       9%         3d6       26%         4

Your spell library contained the following spells:

 Spells                   Type           Power      Damage    Failure   Level
 Beastly Appendage        Tmut           12%        N/A       9%          1
 Wereblood                Tmut           6%         N/A       13%         2
 Spider Form              Tmut/Pois      6%         N/A       26%         3
 Iskenderun's Mystic Bla  Conj/Tloc      19%        2d6       26%         4


Dungeon Overview and Level Annotations

Branches:
Dungeon (3/15)

Altars:
Hepliaklqana
Trog

Annotations:
D:3 Ijyb


Message History

You enter the shallow water.
Moving in this stuff is going to be slow.
There is a faded altar of an unknown god here.
This altar belongs to (a) Kikubaaqudgha, (b) Fedhas or (c) Makhleb, but you can't tell which.
Press the corresponding letter to learn more about a god, or press enter to convert or escape to cancel.
Okay, then.
Things that are here:
a +0 dagger; a kobold corpse
There is an open door here.
Found a scroll labelled JIXIAW UNIAGEJ.
Found a scroll labelled CENIQYPOTA.
You open the door.
There is an open door here.
Found a scroll labelled ZYRUXZ ZUCIURGH.
u - a scroll labelled ZYRUXZ ZUCIURGH
There is an open door here.
Ijyb the Twisted Goblin comes into view.
She is wielding a +0 club and carrying a wand of light (3).
Casting: Magic Dart (safe; 1% risk of failure)
Confirm with . or Enter, or press ? or * to list all spells.
Okay, then.
Ijyb shouts!
Casting: Magic Dart (safe; 1% risk of failure)
Confirm with . or Enter, or press ? or * to list all spells.
Aiming: Searing Ray (safe; 1% risk of failure)
Press: ? - help, Shift-Dir - straight line, f - Ijyb
Aim: Ijyb, wielding a +0 club, wearing a +0 leather armour and carrying a wand of light (3) (76% to hit)
The searing ray hits Ijyb.
Ijyb is lightly wounded. (Press . to maintain the ray.) Ijyb zaps a wand.
The bolt of light hits you!!
You are confused.
Ouch! That really hurt!
* * * LOW HITPOINT WARNING * * *
Okay, then.
You are too confused!
Your +1 falchion of freezing stops glowing.
You hear the crackle of electricity.
b - the +10 morningstar "Eos" (weapon)
{elec, Halo rElec} You feel less confused.
Ijyb zaps a wand.
The bolt of light hits you!
You die...

#### #...######
#........####
#?.......##..
#.....g.?##.#
####......##.#
..........##.#........#
.......@..##.#..≈.8.≈...
..........##.#..≈...≈...
####......##.#..≈≈.≈≈...
#......'..#..≈≈.≈≈.#
#......#####.≈≈.≈≈.#
#####.#....#.≈≈_≈≈.#
#.#.##.#[≈≈≈≈≈.#
#.#.......≈≈≈..##
#.#..............


You could see Ijyb.

Vanquished Creatures
  Terence (D:2)
  An adder (D:3)
  3 worms (D:2)
  A dart slug (D:2)
  3 endoplasms
  2 giant cockroaches
  A goblin (D:1)
  5 hobgoblins
  4 kobolds
  2 quokkas
  6 ball pythons
  7 bats
  3 rats
39 creatures vanquished.

Notes
Turn   | Place    | Note
-------+----------+-------------------------------------------
     0 | D:1      | Heoruswealwe the Deep Elf Conjurer began the quest for the
                  | Orb.
     0 | D:1      | Reached XP level 1. HP: 10/10 MP: 6/6
   176 | D:1      | Found a faded altar of an unknown god.
   199 | D:1      | Reached XP level 2. HP: 15/15 MP: 4/8
   203 | D:1      | Learned a level 2 spell: Searing Ray
  1621 | D:2      | Noticed Terence
  1626 | D:2      | Killed Terence
  1627 | D:2      | Reached skill level 5 in Conjurations
  1627 | D:2      | Reached XP level 3. HP: 6/19 MP: 10/10
  1763 | D:2      | Learned a level 3 spell: Dazzling Flash
  1864 | D:2      | Found a bloodstained altar of Trog.
  2078 | D:2      | Found the +10 morningstar "Eos" {elec, Halo rElec}
  2754 | D:3      | Reached XP level 4. HP: 24/24 MP: 12/12
  2759 | D:3      | Learned a level 4 spell: Fulminant Prism
  2933 | D:3      | Found a bloodstained altar of Trog.
  3016 | D:3      | Found a faded altar of an unknown god.
  3016 | D:3      | Found a faded altar of an unknown god.
  3019 | D:3      | Found a hazy altar of Hepliaklqana.
  3094 | D:3      | Noticed Ijyb
  3102 | D:3      | Killed from afar by Ijyb

Illustrated notes

Levels and vault maps discovered:
D:1:      dpeg_arrival_round_a, layout_basic, serial_forest,
          infiniplex_forest_diagonal, infiniplex_forest_lined_corner,
          infiniplex_forest_diagonal, infiniplex_forest_clump_diagonal,
          basic_ecumenical_altar, moated_statue, minmay_liquid_box,
          nicolae_titane
D:2:      layout_loops_ring, basic_altar, minmay_misc_feat_square,
          serial_bayou_lagoon_b, uniq_terence
D:3:      layout_basic, mainiacjoe_overflow_catwalk,
          nicolae_hepliaklqana_ecumenical_no_more, dk_noncrumbling_4, uniq_ijyb

Skill      XL: |  1  2 |
---------------+-------+-----
Spellcasting   | 4 |  4.8
Conjurations   | 5 |  5.4
Dodging        | |  2.4
Stealth        | |  2.4

Action                     |  1- 3 |  4- 6 || total
---------------------------+-------+-------++-------
  Melee: Short sword       |   785 |       ||   785
         Punch             |    25 |       ||    25
         Morningstar       |   209 |       ||   209
         Falchion          |    43 |     6 ||    49
   Cast: Magic Dart        |    47 |    13 ||    60
         Searing Ray       |     7 |     2 ||     9
 Armour: Robe              |     4 |       ||     4
  Dodge: Dodged            |     9 |       ||     9
